[Event "Sardinia World Festival-A 2024"]
[Site "Orosei"]
[Date "2024.04.30"]
[Round "5.14"]
[White "Sokolovsky, Yahli"]
[Black "Ibrayev, Nurlan"]
[Result "1-0"]
[ECO "C92"]
[WhiteElo "2490"]
[BlackElo "2368"]
[Annotator "TA"]
[PlyCount "67"]
[EventDate "2024.04.26"]
[EventType "swiss"]
[EventCountry "ITA"]
[SourceTitle "playchess.com"]
[Source "ChessBase"]
[SourceQuality "1"]
[TimeControl "40/5400+30:1800+30"]

1. e4 e5 2. Nf3 Nc6 3. Bb5 a6 4. Ba4 Nf6 5. O-O Be7 6. Re1 b5 7. Bb3 d6 8. c3 O-O 9. h3 Bb7 10. d4 Re8 11. Ng5 Rf8 12. Nf3 Re8 13. Nbd2 Bf8 14. a4 h6 15. Bc2 exd4 16. cxd4 Nb4 17. Bb1 c5 18. d5 Nd7 19. Ra3 c4 20. Nd4 Qb6 {[%emt 0:01:45] [#]} (20... Qf6 $11 {keeps the balance.} 21. N2f3 Nc5) 21. Nf5 $1 $16 {[%emt 0:04:47] aiming for axb5.} g6 22. Rg3 (22. Nf1 $1 $16) 22... Kh7 {[%emt 0:00:59] This costs Black the game.} (22... Nc5 $1 $14) 23. Nf3 $1 $18 {[%emt 0:03:18][%cal Od1d2] Threatens to win with Qd2!} Nd3 $2 (23... Ne5 {was necessary.}) 24. Bxd3 cxd3 {[%emt 0:00:02] [#]} 25. Qd2 $1 Rac8 {[%emt 0:05:08] [#]} (25... gxf5 26. Ng5+ (26. Qf4 Re7 $18) 26... Kg7 (26... hxg5 27. Qxg5) 27. Qf4 $18) 26. Qf4 $1 Ne5 (26... Rxc1 27. Rxc1) 27. Be3 (27. Nxh6 Rxc1 (27... bxa4 28. Ng5+ Kh8 29. Nhxf7+ Kg8 30. Qh4 $18) 28. Ng5+ Kxh6 $15) 27... Qa5 (27... d2 28. Rd1 (28. Bxb6 $2 Nxf3+ 29. Qxf3 dxe1=Q+ $19) (28. Bxd2 Nd3 $14) (28. Nxd2 g5 $18) 28... Qa5) 28. Bd2 {[%emt 0:00:56] White is clearly winning.} (28. Nxh6 Nxf3+ (28... bxa4 $2 {is the wrong capture.} 29. Nxe5 Bxd5 30. exd5 $18) 29. Qxf3 Qxe1+ $14) 28... Nxf3+ 29. gxf3 Qc7 30. Rc1 Qd7 {[%emt 0:02:55] Black is weak on the dark squares} 31. Rxc8 ({Don't take} 31. Nxh6 Rxc1+ 32. Bxc1 Rc8 $18) 31... Rxc8 32. Nxh6 Rc7 (32... Bxd5 $142 33. exd5 Rc4 34. Qxf7+ Qxf7 35. Nxf7 bxa4 36. Ng5+ Kg8) 33. axb5 {[%emt 0:04:25] Hoping for b6.} axb5 34. Rg4 {[%emt 0:00:02] Weighted Error Value: White=0.21 (precise) /Black=0.92.  Mistake:       	White=1     	Black=4      Inaccurate:     	---       	Black=1      OK:         	White=4     	Black=1      Best:        	White=1     	---        Strong:       	White=3     	---} 1-0

[Event "Sardinia World Festival-A 2024"]
[Site "Orosei"]
[Date "2024.04.30"]
[Round "5.15"]
[White "Zhalmakhanov, Ramazan"]
[Black "Vergara Anton, Diego"]
[Result "1-0"]
[ECO "C11"]
[WhiteElo "2490"]
[BlackElo "2387"]
[Annotator "TA"]
[PlyCount "67"]
[EventDate "2024.04.26"]
[EventType "swiss"]
[EventCountry "ITA"]
[SourceTitle "playchess.com"]
[Source "ChessBase"]
[SourceQuality "1"]
[TimeControl "40/5400+30:1800+30"]

1. e4 e6 2. d4 d5 3. Nc3 Nf6 4. e5 Nfd7 5. f4 c5 6. Nf3 Qb6 7. Ne2 cxd4 8. Nexd4 Nc6 9. c3 Bc5 10. Be2 O-O 11. O-O f6 {[%emt 0:04:38][%cal Rf6e5] White is slightly better.} 12. Kh1 Re8 13. Bd3 g6 14. Qa4 (14. Qc2 $16 {[%cal Od3g6] Strongly threatening Bxg6!} f5 15. Be3) 14... Bf8 (14... f5 $1 $14) 15. Qc2 {[%emt 0:09:01][%cal Od3g6] And now Bxg6! would win.} Bg7 {[%emt 0:02:46][%cal Rf6e5] [#]} 16. Be3 $1 Qd8 (16... fxe5 $2 17. fxe5 (17. Nf5 d4 $14) 17... Rf8 18. Nf5 $18 (18. Nxe6 Qxe3 19. Rae1 Qh6 $16)) 17. exf6 Nxf6 18. Rae1 Bd7 19. Nb5 ({Better is} 19. Nxc6 $16 Bxc6 20. Bd4) 19... b6 ({Black should play} 19... e5 $14 20. fxe5 Nxe5) 20. Nbd4 $16 Na5 21. Ne5 Nb7 22. Bf2 {[%emt 0:02:52] White has more active pieces.} Nc5 23. Bh4 $36 {[%emt 0:00:19][%mdl 2048] White is in control.} Nxd3 24. Qxd3 Qc7 (24... Qc8 $16 {is a better defense.}) 25. Nxg6 $18 hxg6 (25... Ne4 $142) 26. Bxf6 $1 ({Stronger than} 26. Qxg6 Ne4 27. g4 Rec8 28. Nxe6 (28. f5 $2 Be8 $17) 28... Bxe6 29. Qxe6+ Qf7 30. Qxf7+ Kxf7 $17) 26... Bxf6 27. Qxg6+ Bg7 28. f5 $1 {[%emt 0:00:04] [#] Intending f6 and mate.} ({Not} 28. Nxe6 Bxe6 29. Rxe6 Qf7 30. Rxe8+ Rxe8 $17) 28... exf5 (28... Rf8) 29. Nxf5 Bb5 30. Nh6+ Kh8 31. Nf7+ Kg8 32. Ng5 {[%emt 0:00:46][%csl Gg5][%cal Rg6h7] White mates.} Bxf1 33. Rxf1 Qf4 34. Qh7+ {[%emt 0:00:08] Weighted Error Value: White=0.10 (very precise) /Black=0.53.  Mistake:       	White=2     	Black=5      Inaccurate:     	---       	Black=5      OK:         	White=8     	Black=3      Best:        	White=1     	Black=2      Strong:       	White=3     	---} (34. Rxf4 $2 {gets mated.} Re1+) 1-0

[Event "Sardinia World Festival-A 2024"]
[Site "Orosei"]
[Date "2024.04.30"]
[Round "5.16"]
[White "Costa, Leonardo"]
[Black "Tudor, Henry Edward"]
[Result "1/2-1/2"]
[ECO "B80"]
[WhiteElo "2476"]
[BlackElo "2279"]
[Annotator "TA"]
[PlyCount "59"]
[EventDate "2024.04.26"]
[EventType "swiss"]
[EventCountry "ITA"]
[SourceTitle "playchess.com"]
[Source "ChessBase"]
[SourceQuality "1"]
[TimeControl "40/5400+30:1800+30"]

1. e4 c5 2. Nf3 d6 3. d4 cxd4 4. Nxd4 Nf6 5. Nc3 a6 6. f3 e6 7. Be3 b5 8. a3 Nbd7 9. g4 h6 10. Qd2 Bb7 11. O-O-O Rc8 $1 12. Kb1 Ne5 13. Qe1 Be7 14. h4 Nfd7 15. Rh3 Qc7 16. Bc1 Nb6 17. Qe2 Nec4 18. f4 d5 (18... Bf6 $142) 19. Bg2 $16 dxe4 20. Bxe4 Bxe4 21. Qxe4 Nd6 (21... Na4 $16) 22. Qe5 Nd7 {[%emt 0:01:03] [#]} 23. Nxe6 fxe6 (23... Nxe5 $16 24. Nxc7+ Rxc7) 24. Qxg7 Nf7 {[%emt 0:02:08] [#]} ({Don't blunder} 24... Bf6 $2 25. Qg6+ Kf8 26. f5 $18 (26. Rhd3 Nc5 $18)) 25. Re3 $2 {[%emt 0:00:38] White has more active pieces.} ({Better is} 25. f5 $1 $16 Qe5 26. Qg6) 25... Nf8 $11 {[%emt 0:03:03] The position is equal.} 26. g5 hxg5 27. fxg5 (27. hxg5 $5 Rh7 $8 28. Qg8 $11) 27... Rh7 $1 28. Qg8 {[%emt 0:00:04] Strongly threatening g6.} Rh8 29. Qg7 {[%emt 0:00:02] Chess con chili.} Rh7 $1 30. Qg8 {[%emt 0:00:11] Black defended with fortune.   Weighted Error Value: White=0.27 (precise) /Black=0.21 (precise) .  Mistake:       	White=2     	Black=3      Inaccurate:     	White=2     	Black=3      OK:         	White=6     	Black=5      Best:        	---       	Black=1      Strong:       	---       	Black=2} 1/2-1/2

[Event "Sardinia World Festival-A 2024"]
[Site "Orosei"]
[Date "2024.04.30"]
[Round "5.17"]
[White "Carlo, Emanuele"]
[Black "Sjugirov, Sanan"]
[Result "0-1"]
[ECO "B67"]
[WhiteElo "2363"]
[BlackElo "2689"]
[Annotator "TA"]
[PlyCount "78"]
[EventDate "2024.04.26"]
[EventType "swiss"]
[EventCountry "ITA"]
[SourceTitle "playchess.com"]
[Source "ChessBase"]
[SourceQuality "1"]
[TimeControl "40/5400+30:1800+30"]

1. e4 c5 2. Nf3 Nc6 3. Nc3 d6 4. d4 cxd4 5. Nxd4 Nf6 6. Bg5 e6 7. Qd2 a6 8. O-O-O Bd7 9. f3 Be7 10. g4 h5 11. gxh5 Nxh5 12. Be3 Nf6 {[%emt 0:11:37] The position is equal.} 13. Rg1 g6 14. Nxc6 (14. Bg5 $5) 14... Bxc6 15. Bc4 Qc7 16. Bb3 O-O-O 17. Qf2 Nd7 {[%emt 0:01:37] Dodges Bb6} (17... d5 {feels hotter.} 18. Bb6 Qf4+ 19. Kb1 dxe4 20. Bxd8 e3) 18. f4 Bf6 {[%emt 0:06:32] ...Bxc3 would now be deadly.} 19. Bd4 Rh5 20. Rd2 Rdh8 21. Bxf6 Nxf6 22. Qd4 Qe7 23. Qb4 Qc7 (23... a5 $15 24. Qd4 Rxh2) 24. Rgd1 Ne8 25. a4 (25. e5 $1 $11 {remains equal.} a5 (25... Rxh2 $2 26. exd6 Qd7 27. Rxh2 $18) (25... dxe5 26. Ba4 $11) 26. Qa3 dxe5 27. Rd8+ Qxd8 28. Rxd8+ Kxd8 29. Qxa5+ Nc7 30. fxe5) 25... Qa5 $17 26. Qd4 Rxh2 27. Rxh2 Rxh2 28. Qa7 (28. Bc4 $17) 28... Kc7 29. Kb1 Qb6 30. Qa8 (30. Qxb6+ {was worth a try.} Kxb6 31. f5) 30... Qf2 $19 31. e5 d5 (31... Qxf4 $19 32. Nb5+ axb5 33. axb5 Qf3 (33... Bxb5 34. Qa5+ Kc6 35. Qd8 $17) 34. Qa5+ b6 35. Qa7+ Bb7) 32. Ne4 $2 {[%emt 0:01:16] Now White is beyond hope.} (32. a5 $17) 32... Qf3 (32... dxe4 33. Qd8#) (32... Qxf4 33. Nc5 Qxe5 34. Qa7 $19) 33. Rd4 (33. Nc3 $142) 33... Rh1+ {[%emt 0:00:32] Black is clearly winning.} ({Inferior is} 33... dxe4 34. Qd8#) 34. Ka2 {[%emt 0:00:09] [#]} Qf1 $1 (34... dxe4 35. Qd8#) 35. Ka3 Qa1+ ({Worse is} 35... dxe4 36. Qd8#) 36. Ba2 Rb1 ({Stronger than} 36... dxe4 37. Qd8#) 37. Rb4 dxe4 38. Qa7 Rd1 {[%emt 0:00:57] White must now prevent ...Bd5.} 39. Qb6+ Kc8 {[%emt 0:00:11] Weighted Error Value: White=0.61/Black=0.19 (very precise) .  Loses game:     	White=1     	---        Mistake:       	White=4     	Black=2      Inaccurate:     	White=3     	Black=1      OK:         	White=5     	Black=8      Best:        	White=1     	Black=1} 0-1

[Event "Sardinia World Festival-A 2024"]
[Site "Orosei"]
[Date "2024.04.30"]
[Round "5.18"]
[White "Derakhshani, Borna"]
[Black "Rozen, Eytan"]
[Result "0-1"]
[ECO "B92"]
[WhiteElo "2355"]
[BlackElo "2499"]
[Annotator "TA"]
[PlyCount "80"]
[EventDate "2024.04.26"]
[EventType "swiss"]
[EventCountry "ITA"]
[SourceTitle "playchess.com"]
[Source "ChessBase"]
[SourceQuality "1"]
[TimeControl "40/5400+30:1800+30"]

1. e4 c5 2. Nf3 d6 3. d4 cxd4 4. Nxd4 Nf6 5. Nc3 a6 6. Be2 e5 7. Nb3 Be7 8. Be3 Be6 9. Nd5 Nbd7 10. Qd3 O-O 11. O-O Bxd5 12. exd5 Rc8 13. c4 a5 14. Rae1 a4 15. Nd2 Qa5 {[%emt 0:01:53] White is slightly better.} 16. Kh1 Nc5 17. Qa3 {[%emt 0:00:00] [#] aiming for b4.} b6 18. f4 e4 (18... exf4 $14 19. Bxf4 Ra8) 19. b4 ({White should play} 19. Rd1 $16) 19... axb3 $11 20. Qxa5 bxa5 21. Nxb3 Nxb3 22. axb3 Rb8 23. Rb1 Nd7 24. f5 Bf6 25. Rfe1 Rb7 26. Bf4 Rb6 27. Bd2 Ra8 28. Rec1 Bd4 {[%emt 0:00:00] Against Be3} 29. Bd1 Nc5 {[%emt 0:00:00] And now ...Nd3 would win.} 30. Bc2 g6 31. g4 Kg7 32. b4 (32. Bf4 $11) 32... axb4 33. Bxb4 e3 $36 {[%emt 0:00:00][%cal Ob6b4][%mdl 2048] Strongly threatening ...Rxb4! Black is in control.} 34. Kg2 Rba6 {[%emt 0:00:00] Black has more active pieces.} (34... Ra2 $17 35. Kf3 Nd7) 35. Kf3 (35. Re1 $1 $15) 35... Ra2 $19 36. h3 $2 (36. Rd1) 36... Re8 37. Bxc5 Bxc5 38. Ke2 Re4 $2 (38... Rea8 $19 39. Kf3 R8a3) 39. Kd3 $2 (39. g5 $17) 39... Rd4+ 40. Kxe3 {[%emt 0:00:41] [#]} Rxc2 $1 {[%emt 0:00:00][%mdl 512] Weighted Error Value: White=0.57/Black=0.32.  Loses game:     	White=1     	---        Missed win:     	---       	Black=1      Mistake:       	White=4     	Black=2      Inaccurate:     	White=4     	Black=4      OK:         	White=4     	Black=10     Best:        	White=1     	Black=2} 0-1

[Event "Sardinia World Festival-A 2024"]
[Site "Orosei"]
[Date "2024.04.30"]
[Round "5.19"]
[White "Assylov, Miras"]
[Black "Stoyanov, Tsvetan"]
[Result "1-0"]
[ECO "B92"]
[WhiteElo "2342"]
[BlackElo "2473"]
[Annotator "TA"]
[PlyCount "127"]
[EventDate "2024.04.26"]
[EventType "swiss"]
[EventCountry "ITA"]
[SourceTitle "playchess.com"]
[Source "ChessBase"]
[SourceQuality "1"]
[TimeControl "40/5400+30:1800+30"]

1. e4 c5 2. Nf3 d6 3. d4 cxd4 4. Nxd4 Nf6 5. Nc3 a6 6. Be2 e5 7. Nb3 Be7 8. Bg5 O-O 9. Bxf6 Bxf6 10. Qd3 Be6 11. O-O-O {[%emt 0:00:16] B92: Sicilian Najdorf: 6 Be2.} Be7 12. Nd5 {[%emt 0:00:20] 12.Kb1 is not played anymore.} Bxd5 13. Qxd5 Ra7 $146 ({Predecessor:} 13... Qc7 14. Qc4 Qb6 15. Rhf1 Nd7 16. Nd2 Rfc8 17. Qb3 Qc7 18. Kb1 b5 19. Bg4 Nc5 {1-0 Carlsen,M (2847)-Bjerre,J (2550) Carlsen-Challengers sim blitz 2021 (1.12)}) 14. Kb1 b5 15. c3 Nd7 16. Na1 Qb6 17. Rhf1 Nf6 18. Qd3 b4 19. cxb4 Qxb4 20. f3 Qb8 21. Qd2 Nd7 22. Bc4 h6 23. Nb3 Rb7 24. Bxa6 Rb4 25. Qc3 Qb6 26. Bc4 Rb8 27. Rd2 Qa7 28. Rc2 Ra4 29. Nc1 Nc5 30. Nd3 Ra3 31. b3 Na4 32. Qe1 Nb6 33. Bb5 Ra8 34. Nc1 Bg5 35. Bc6 Rb8 36. h4 Be7 37. g3 d5 38. exd5 Bf6 39. Qe4 $2 (39. d6 $18) 39... Nc8 $1 $11 40. Qd3 Nd6 41. h5 (41. Re1 $5) 41... Rb4 42. Re1 Rd4 43. Qf1 Rb4 44. Qf2 Rd4 45. Qf1 (45. Ne2 $2 Rd1+ 46. Rxd1 Qxf2 $19) 45... Qb8 46. Rd1 Rxd1 47. Qxd1 e4 48. Qe2 (48. f4 $11 {remains equal.}) 48... Qb6 49. Rd2 $2 (49. fxe4 $2 Qd4 50. e5 Bxe5 $19 (50... Qxe5 $2 51. Qxe5 Bxe5 52. Ba4 $18)) (49. Qd2 $17 {was the only defense.} exf3 50. Qf4) 49... Qb4 50. Kc2 (50. f4 {was forced.}) 50... exf3 (50... Qc3+ $2 51. Kd1 exf3 (51... Qxf3 $2 52. Qxf3 exf3 53. Rf2 $18) 52. Qd3 $19) 51. Qxf3 Ne4 (51... Bg5 52. Rg2 $19) 52. Re2 Qc5+ 53. Kd3 Qd4+ 54. Kc2 Qb2+ 55. Kd3 Qd4+ (55... Qxc1 56. Kxe4 Ra7 57. Qf2 Re7+ 58. Kf3 $15) (55... Nc5+ 56. Kc4 Qxc1+ 57. Kb5 $11) 56. Kc2 Qb2+ 57. Kd3 {[%emt 0:00:02] [#]} Nc5+ $2 (57... Qxc1 58. Kxe4 Ra7 59. Qf2 Re7+ 60. Kf3 $17) (57... Qb1+ $1 $19 58. Ke3 Nc3 (58... Qxc1+ 59. Kxe4 Ra7 60. Qf2 $17)) 58. Kc4 $11 Qxc1+ 59. Kb5 Nd7 (59... Nxb3 60. axb3 g6 61. hxg6 (61. Qxf6 $2 Rxb3+ 62. Ka5 Qc5+ 63. Ka6 Qb6#) 61... fxg6 62. d6 $16 (62. Qxf6 $2 Rxb3+ 63. Ka6 Qa3+)) (59... Na6 $1 $11 60. Re8+ Kh7 61. Qe4+ (61. Qf5+ g6 $11) 61... g6 62. hxg6+ fxg6 63. Re7+ Kh8 (63... Bxe7 64. Qxe7+ Kg8 65. Qe8+ Kg7 66. Qe7+ Kh8 67. Qe8+ Kh7 68. Qf7+ Kh8 69. Qf6+ Kh7 70. Qe7+ Kg8 71. Qd8+ Kg7 72. Qe7+ Kh8 73. Qf6+ Kh7 74. Qf7+ Kh8 75. Qf6+ $11) 64. Re8+ Kh7 65. Re7+ Kh8 (65... Bxe7 66. Qxe7+ Kg8 67. Qe6+ Kh8 68. Qe5+ Kg8 69. Qe6+ Kh7 70. Qf7+ Kh8 71. Qf6+ Kh7 72. Qe7+ Kh8 73. Qd8+ Kh7 74. Qe7+ $11) 66. Re8+ Kg7 67. Rg8+ Kxg8 68. Qxg6+ Bg7 69. Qe6+ Kh8 70. Qc8+ (70. Qe8+ Kh7 $11) 70... Kh7 71. Qf5+ Kh8 (71... Kg8 72. Qe6+ Kh7 73. Qe4+ Kh8 74. Qe8+ Kh7 75. Qe4+ Kh8 76. Qe8+ Kh7 77. Qe4+ $11) 72. Qc8+ Kh7 73. Qf5+ Kg8 74. Qc8+ Bf8 75. Qe6+ Kg7 76. Qe5+ Kh7 77. Qf5+ Kg8 78. Qe6+ Kh8 79. Qe5+ Kh7 80. Qe4+ Kg8 81. Qe6+) 60. Bxd7 $16 Qc7 $2 (60... Ra8 $16 61. Re8+ Rxe8 62. Bxe8 Qa3) 61. Re8+ $18 Kh7 {[%emt 0:00:01] [#]} 62. Qe4+ $2 ({Don't blunder} 62. Qf5+ $2 g6 63. hxg6+ Kg7 $19) (62. Bc6 $1 $18 {Threatening mate with Qf5+.} Qa5+ 63. Kc4 Rxa2 64. Qe4+ (64. Qf5+ g6 $17) 64... g6 65. b4 (65. hxg6+ fxg6 66. b4 Qb6 $18)) 62... g6 $11 63. hxg6+ Kg7 $2 (63... fxg6 $11 64. Re7+ Kh8 65. Re8+ Kg7 66. Re7+ Kh8 67. Re8+ Kh7 68. Re7+ Kh8) 64. Rg8+ $1 1-0

[Event "Sardinia World Festival-A 2024"]
[Site "Orosei"]
[Date "2024.04.30"]
[Round "5.20"]
[White "Agmanov, Zhandos"]
[Black "Bellia, Fabrizio"]
[Result "1/2-1/2"]
[ECO "C92"]
[WhiteElo "2458"]
[BlackElo "2384"]
[Annotator "TA"]
[PlyCount "63"]
[EventDate "2024.04.26"]
[EventType "swiss"]
[EventCountry "ITA"]
[SourceTitle "playchess.com"]
[Source "ChessBase"]
[SourceQuality "1"]
[TimeControl "40/5400+30:1800+30"]

1. e4 e5 2. Nf3 Nc6 3. Bb5 a6 4. Ba4 Nf6 5. O-O Be7 6. Re1 b5 7. Bb3 d6 8. c3 O-O 9. h3 Bb7 10. d4 Re8 11. a3 h6 12. Ba2 Bf8 13. d5 (13. Nbd2 {seems wilder.} Nb8 14. b4 exd4 15. cxd4 Nxe4 16. Bxf7+ Kxf7 17. Qb3+) 13... Nb8 14. b3 Nbd7 15. c4 c6 16. Nc3 bxc4 17. bxc4 Nc5 18. Bb1 Qc7 19. Be3 Reb8 (19... cxd5 $11 {deserves consideration.} 20. cxd5 a5) 20. Bc2 {[%emt 0:06:11] White is more active.} cxd5 21. cxd5 Bc8 22. Bd2 Bd7 23. Rb1 Rxb1 24. Qxb1 Be7 25. Qa2 Qc8 26. Kh2 Bd8 27. Rc1 Ba5 28. Ne2 Qd8 29. Ng3 Bxd2 30. Nxd2 Rc8 31. Rb1 h5 32. a4 {[%emt 0:10:21] Weighted Error Value: White=0.08 (flawless) /Black=0.06 (flawless) .  Mistake:       	---       	Black=1      Inaccurate:     	White=4     	---        OK:         	White=10    	Black=9      Best:        	---       	Black=1} 1/2-1/2

[Event "Sardinia World Festival-A 2024"]
[Site "Orosei"]
[Date "2024.04.30"]
[Round "5.21"]
[White "Citak, Selim"]
[Black "Bronstein, Or"]
[Result "0-1"]
[ECO "E11"]
[WhiteElo "2327"]
[BlackElo "2458"]
[Annotator "TA"]
[PlyCount "136"]
[EventDate "2024.04.26"]
[EventType "swiss"]
[EventCountry "ITA"]
[SourceTitle "playchess.com"]
[Source "ChessBase"]
[SourceQuality "1"]
[TimeControl "40/5400+30:1800+30"]

1. d4 Nf6 2. c4 e6 3. Nf3 Bb4+ 4. Nbd2 O-O 5. a3 Be7 6. e4 d6 {[%emt 0:00:02] E11: Bogo-Indian.} 7. Be2 {[%emt 0:00:23] 7.Be2 is better than 7.Bd3.} a5 8. b3 e5 9. dxe5 dxe5 10. Bb2 Nfd7 11. Nxe5 Nxe5 12. Bxe5 Nc6 13. Bb2 $146 ({Predecessor:} 13. Bc3 Bd6 14. O-O Qh4 15. g3 Qe7 16. Qc1 f5 17. Re1 f4 18. e5 fxg3 19. hxg3 Bxe5 {1-0 Goganov,A (2575)-Jobava,B (2676) Moscow Aeroflot op-A 15th 2016 (1)}) 13... Bf6 14. Qc2 Nd4 15. Bxd4 Bxd4 16. Rd1 Qe7 17. a4 Ra6 18. O-O Bc5 19. Nf3 Rg6 20. Kh1 b6 21. e5 Rh6 22. Bd3 f5 23. exf6 Qxf6 24. Be4 c6 25. Qd3 Bg4 26. h3 Qf4 27. Rfe1 Bxf2 28. Rf1 Bxh3 $1 29. Rxf2 Bf5+ 30. Kg1 Bxe4 31. Qd2 Qb8 32. Qg5 $2 (32. Qd4 {was called for.} Bxf3 33. gxf3) 32... Bxf3 $19 33. Rxf3 Qh2+ 34. Kf2 Rxf3+ $1 35. Kxf3 Rf6+ 36. Ke2 (36. Ke4 $142 h6 37. Qg4) 36... h6 $1 $19 37. Rd8+ Kh7 38. Qg4 Rf4 $2 (38... Qe5+ $1 $19 {and Black stays clearly on top.} 39. Kd3 Rf4) 39. Qh3 $17 Re4+ 40. Kd3 $2 (40. Kf2 $17 Qe5 41. Qd3) 40... Qe5 41. Qf3 Rf4 (41... Re1 $19 {White must now prevent ...h5.} 42. Rd4 h5) 42. Qxc6 $17 Qf5+ 43. Kc3 {[%emt 0:00:35] [#]} Rf1 (43... Rg4 $1 $17 {[%cal Rg4g3] And now ...Rg3+ would win.} 44. Qf3 Qe5+ 45. Kc2 Qg5) 44. Rd2 $1 $11 Rc1+ 45. Kb2 $2 (45. Kd4 $11 {and White is okay.}) 45... Rb1+ $2 (45... Qb1+ $19 46. Ka3 Qa1+ 47. Ra2 Qd4) 46. Ka2 $15 Re1 47. Qd5 (47. Qd6 $11) 47... Qb1+ $15 48. Ka3 {[%emt 0:00:01] [#]} Qa1+ $1 49. Ra2 Qc1+ (49... Qf6 $1 $15) 50. Rb2 $11 Qa1+ (50... Qf4 $11 51. Qd3+ Qe4 52. Qxe4+ Rxe4) 51. Ra2 $15 Qf6 $1 52. Qd3+ $2 ({Better is} 52. c5 $1 $15) 52... Kh8 $19 53. Rb2 $2 (53. Qd5) 53... Ra1+ $19 54. Ra2 Qe7+ 55. Kb2 Qe5+ 56. Ka3 Qe7+ 57. Kb2 Rg1 $2 (57... Re1 $19 {has better winning chances.} 58. Qf5 Re5) 58. Qd5 $2 (58. Qf3 $17) 58... Re1 $2 (58... Qe3 {mates} 59. Ra1 Qe2+ (59... Qf2+ $2 60. Kc3 $19) 60. Kc3 Rxa1 (60... Qe3+ $2 61. Qd3 $19) 61. Qd8+ Kh7 62. Qd3+ Qxd3+ 63. Kxd3 h5 64. g3 Rg1 65. Ke4 Rxg3 66. Kf4 h4 (66... Rxb3 {is a self mate.} 67. Kg5 g6 68. c5 Rb4 69. Kf6 bxc5 70. Ke7 c4 71. Kf7 c3 72. Ke8 c2 73. Kd7 Kg7 74. Ke7 c1=Q 75. Ke6 Rd4 76. Ke7 Qe3#) 67. b4 axb4 68. Ke5 b3 69. Ke4 b2 70. Kd5 b1=Q (70... b1=B {leads to mate.} 71. Kd6 h3 72. Kd7 h2 73. Kd8 h1=Q 74. Kc7 Rg6 75. Kb8 Qc6 76. a5 bxa5 77. c5 Be4 78. Ka7 Qc7#) 71. Kc6 Qe4+ 72. Kxb6 Qxc4 73. Ka5 Qc5+ 74. Ka6 Rg6+ 75. Kb7 Rb6+ 76. Ka8 Qa5#) 59. Qd4 $2 (59. Qa8+ Kh7 60. Qd5) 59... Re4 $19 60. Qc3 Re2+ 61. Ka1 Re1+ 62. Kb2 Rg1 $2 (62... Qe4 $19 {is more deadly.} 63. c5 h5 (63... Qxg2+ $2 64. Ka3 $17)) 63. Qd2 $2 (63. Qf3 $17) 63... Rf1 $19 64. Qd4 Re1 $2 (64... Qg5 65. Ra1 Qxg2+ 66. Ka3 Qf2 67. Qd8+ Qf8+ 68. Qxf8+ Rxf8) 65. Qc3 $1 $19 (65. Qxb6 $2 {too greedy.} Re2+ 66. Kc3 Qe5+ (66... Rxa2 $2 67. Qb8+ Kh7 68. Qf4 $19) 67. Kd3 Rxa2 $19) 65... Qe4 66. Ka3 Re3 67. Qc1 Qe7+ 68. Kb2 Re2+ 0-1

[Event "Sardinia World Festival-A 2024"]
[Site "Orosei"]
[Date "2024.04.30"]
[Round "5.22"]
[White "Royal, Shreyas"]
[Black "Hercegovac, Neven"]
[Result "1/2-1/2"]
[ECO "D35"]
[WhiteElo "2455"]
[BlackElo "2344"]
[Annotator "TA"]
[PlyCount "88"]
[EventDate "2024.04.26"]
[EventType "swiss"]
[EventCountry "ITA"]
[SourceTitle "playchess.com"]
[Source "ChessBase"]
[SourceQuality "1"]
[TimeControl "40/5400+30:1800+30"]

1. d4 Nf6 2. c4 e6 3. Nc3 d5 4. cxd5 exd5 5. Bg5 Be7 6. e3 h6 7. Bf4 O-O 8. Bd3 c5 9. Nge2 Nc6 10. O-O cxd4 11. exd4 Be6 12. a3 Rc8 13. Bc2 Re8 14. f3 (14. Qd3 $11) 14... Bd6 15. Bg3 Nh5 16. Bxd6 Qxd6 17. Qd2 Na5 18. b3 Nc6 19. Kh1 Nf6 (19... Bd7 {is interesting.} 20. b4 a5 21. b5 Ne7) 20. Rg1 h5 21. Nd1 Ne7 (21... Na5 $5) 22. Ne3 Qd7 (22... Ng6 {with more complications.} 23. Rge1 Nh4 24. b4 Bd7) 23. b4 Nf5 24. Nxf5 Bxf5 25. Bb3 Qe7 26. Ng3 Bg6 27. Rge1 {[%emt 0:01:12] Inhibits Qe3.} Qc7 28. Ne2 Qd6 29. Kg1 Kf8 30. Nf4 Bf5 31. Rxe8+ (31. Kf2 {keeps more tension.} h4 32. Rac1 b6 33. Rxc8 Bxc8 34. Rxe8+ Nxe8 35. Qe3) 31... Rxe8 32. Rc1 Rc8 (32... a5 $11) 33. Rxc8+ $14 Bxc8 34. Nd3 (34. Qc1 $14 Be6 35. Qe3 (35. Qc5 Ke7 $11)) 34... Be6 35. Qc1 b6 36. b5 Bd7 37. Ba4 (37. a4 $11) 37... Ne8 $15 38. Ne5 Nf6 39. h4 {[%emt 0:03:33] The position is equal.} Kg8 40. Kf2 Kf8 41. g3 Kg8 42. Qc3 Kf8 43. Qd3 Qc7 44. Bb3 Be8 {[%emt 0:00:00] Weighted Error Value: White=0.13 (very precise) /Black=0.14 (very precise) .  Mistake:       	White=3     	Black=1      Inaccurate:     	White=4     	Black=6      OK:         	White=5     	Black=7} 1/2-1/2